 Dungeon Crawl Stone Soup version 0.27.1-3-gb3d3a73c9e (webtiles) character file.

Game seed: 9118005802121827246

102 zapotec the Insei (level 4, -5/28 HPs)
             Began as an Octopode Transmuter on Oct 9, 2021.
             Slain by Sigmund (12 damage)
             ... on level 2 of the Dungeon.
             The game lasted 00:06:24 (2444 turns).

zapotec the Insei (Octopode Transmuter)             Turns: 2444, Time: 00:06:25

Health: -5/28      AC:  0    Str:  9    XL:     4   Next: 77%
Magic:  5/7        EV: 14    Int: 16    God:
Gold:   55         SH:  0    Dex: 12    Spells: 2/8 levels left

rFire    . . .     SeeInvis .     - Unarmed
rCold    . . .     Faith    .   (shield currently unavailable)
rNeg     . . .     Spirit   .   (helmet currently unavailable)
rPois    .         Reflect  .   (no amulet)
rElec    .         Harm     .   (ring currently unavailable)
rCorr    .         Rampage  .   (ring currently unavailable)
Will     .....                  (ring currently unavailable)
Stlth    ++........             (ring currently unavailable)
HPRegen  0.09/turn              (ring currently unavailable)
MPRegen  0.10/turn              (ring currently unavailable)
                                (ring currently unavailable)
                                (ring currently unavailable)

@: pig-form, very quick
A: fast, no casting, almost no armour, (amphibious), (8 rings), small,
(camouflage 1), (gelatinous body 1), (nimble swimmer 1), (tentacles)
a: no special abilities


You were on level 2 of the Dungeon.
You were a filthy swine.
You visited 1 branch of the dungeon, and saw 2 of its levels.

You collected 55 gold pieces.

Inventory:

Scrolls
 a - 2 scrolls of identify {unknown}
 b - a scroll of teleportation {unknown}
 c - a scroll of holy word {unknown}
Potions
 d - a potion of might {unknown}
 e - a potion of degeneration {unknown}
 f - 2 potions of mutation {unknown}


   Skills:
 + Level 1.2 Fighting
 + Level 2.3 Dodging
 + Level 2.0 Stealth
 + Level 4.1 Unarmed Combat
 + Level 2.5 Spellcasting
 + Level 2.4 Transmutations


You had 2 spell levels left.
You knew the following spells:

 Your Spells              Type           Power      Damage    Failure   Level
a - Beastly Appendage     Tmut           18%        N/A       8%          1
b - Spider Form           Tmut/Pois      2%         N/A       34%         3
c - Wereblood             Tmut           9%         N/A       11%         2

Your spell library contained the following spells:

 Spells                   Type           Power      Damage    Failure   Level
 Ice Form                 Ice/Tmut       5%         N/A       75%         4


Dungeon Overview and Level Annotations

Branches:
Dungeon (2/15)

Altars:

Annotations:
D:2 Sigmund


Innate Abilities, Weirdness & Mutations

You are a filthy swine.
You move quickly.
Your equipment is almost entirely melded.
You are incapable of wielding weapons or throwing items.
You cannot cast spells.
You cannot wear most types of armour.
((You are amphibious.))
((You can wear up to eight rings at the same time.))
((Your skin changes colour to match your surroundings (Stealth+).))
((Your rubbery body absorbs attacks. (AC +1, EV +1)))
((You are camouflaged near water. (Stealth+)))
((You have tentacles for arms and can constrict up to eight enemies at once.))


Message History

There is an open door here.
The kobold throws a stone.
The stone barely misses you.
The kobold throws a stone.
The stone closely misses you.
A puff of flame appears from out of thin air!
The puff of flame hits you!
The kobold throws a stone.
The stone barely misses you.
The kobold throws a stone.
Casting: Beastly Appendage (safe; 8% risk of failure)
Confirm with . or Enter, or press ? or * to list all spells.
The spell is extremely dangerous to cast (34% risk of failure)!
Continue anyway?
Uppercase [Y]es or [N]o only, please.
The spell is extremely dangerous to cast (34% risk of failure)!
Continue anyway?
You turn into a venomous arachnid creature.
Your transformation is almost over.
You hear some strange, mumbled words.
A puff of flame appears from out of thin air!
The puff of flame hits you.
You barely miss something.
You hear a zap.
Something tries to affect you, but you resist.
You hit something but do no damage. You closely miss something.
Something closely misses you.
The kobold throws a stone.
You closely miss something.
You hear a zap.
Your transformation has ended.
You turn into a filthy swine.
You hit something but do no damage. Something hits you.
* * * LOW HITPOINT WARNING * * *
You barely miss something. You miss something.
The kobold throws a stone.
The stone barely misses you.
You hear a zap.
You hit something but do no damage.
The kobold throws a stone.
The stone barely misses you.
You hear some strange, mumbled words.
Something tries to affect you, but you resist.
You closely miss something.
The kobold throws a stone.
The stone hits you.
* * * LOW HITPOINT WARNING * * *
Something hits you!
You die...

###################
#.h............)...
####.#{#################
#......w..#..............
#.###.#K#.#.#############
......#{#.#############
##.#..#.#..............
......#.###############
###.#..#.#
#.#..#K########


You could see a worm and a kobold.

Vanquished Creatures
  Robin (D:2)
  4 gnolls (D:2)
  A dart slug (D:1)
  A ball python (D:1)
  4 endoplasms
  A giant cockroach (D:1)
  7 goblins (D:2)
  9 hobgoblins
  2 jackals (D:2)
  3 quokkas (D:1)
  3 bats
  A frilled lizard (D:1)
  4 kobolds
  5 rats
46 creatures vanquished.

Notes
Turn   | Place    | Note
-------+----------+-------------------------------------------
     0 | D:1      | zapotec the Octopode Transmuter began the quest for the
                  | Orb.
     0 | D:1      | Reached XP level 1. HP: 13/13 MP: 3/3
   119 | D:1      | Reached XP level 2. HP: 7/18 MP: 3/5
  1293 | D:2      | Reached XP level 3. HP: 23/23 MP: 6/6
  1570 | D:2      | Found a faded altar of an unknown god.
  1762 | D:2      | Reached skill level 1 in Stealth
  1804 | D:2      | Learned a level 3 spell: Spider Form
  1807 | D:2      | Learned a level 2 spell: Wereblood
  1872 | D:2      | Noticed Robin
  1893 | D:2      | Killed Robin
  1894 | D:2      | Reached XP level 4. HP: 14/28 MP: 2/7
  2286 | D:2      | Reached skill level 4 in Unarmed Combat
  2418 | D:2      | Noticed Sigmund
  2444 | D:2      | Slain by Sigmund

Illustrated notes

Levels and vault maps discovered:
D:1:      shiori_arrival_whats_in_store_for_you, layout_basic
D:2:      layout_basic, shapermc_ecumenical_altar_venn, uniq_sigmund, uniq_robin

Skill      XL: |  1  2  3  4 |
---------------+-------------+-----
Stealth        | 1 2 |  2.0
Unarmed Combat | 4 |  4.1
Fighting       | |  1.2
Dodging        | |  2.3
Spellcasting   | |  2.5
Transmutations | |  2.4

Action                   |  1- 3 |  4- 6 || total
-------------------------+-------+-------++-------
Melee: Unarmed           |    91 |    25 ||   116
       Constrict         |    19 |     4 ||    23
       Tentacles         |    12 |     3 ||    15
       Kick              |     7 |     4 ||    11
       Punch             |     1 |     1 ||     2
 Cast: Beastly Appendage |     7 |     1 ||     8
       Spider Form       |     1 |     1 ||     2
       Wereblood         |     1 |       ||     1
 Stab: Sleeping          |     6 |       ||     6
Armor: Skin              |     8 |       ||     8
Dodge: Dodged            |    60 |    19 ||    79
